 Dungeon Crawl Stone Soup version 0.27-a0-543-gd81048afd2 (webtiles) character file.

Game seed: 9602969879752082213

317 Leibowitz the Cudgeller (level 6, -3/61 HPs)
             Began as a Troll Berserker on Mar 7, 2021.
             Was a Believer of Trog.
             Slain by an orc
             ... wielding a +0 flail
              (8 damage)
             ... on level 4 of the Dungeon.
             The game lasted 00:06:51 (1461 turns).

Leibowitz the Cudgeller (Troll Berserker)           Turns: 1461, Time: 00:06:52

Health: -3/61      AC:  4    Str: 34    XL:     6   Next: 20%
Magic:  5/5        EV: 10    Int:  3    God:    Trog [**....]
Gold:   79         SH:  0    Dex:  9    Spells: 5/5 levels left

rFire    + . .     SeeInvis .   t - +0 scythe (flame)
rCold    . . .     Faith    .   (shield currently unavailable)
rNeg     . . .     Spirit   .   b - +0 animal skin
rPois    .         Reflect  .   (helmet restricted)
rElec    .         Harm     .   d - scarf {+Inv}
rCorr    .         Rampage  .   (gloves unavailable)
Will     ++...                  (boots unavailable)
Stlth    +.........             (no amulet)
HPRegen  2.20/turn              n - ring of protection from fire
MPRegen  0.09/turn              p - +6 ring of strength

@: lethally poisoned (-3 -> -3), berserk cooldown, regenerating, slowed, very
slow
A: large, unfitting armour, claws 3, regeneration 1, shaggy fur 1, tough skin 1
a: Renounce Religion, Evoke Invisibility, Berserk, Trog's Hand


You were on level 4 of the Dungeon.
You worshipped Trog.
Trog was pleased with you.
You visited 1 branch of the dungeon, and saw 3 of its levels.

You collected 79 gold pieces.

Inventory:

Hand Weapons
 a - a +0 mace
 m - a +0 whip of holy wrath
 t - a +0 scythe of flaming (weapon)
Armour
 b - a +0 animal skin (worn)
 d - a scarf of invisibility (worn)
Jewellery
 n - a ring of protection from fire (left claw)
 p - a +6 ring of strength (right claw)
Wands
 s - a wand of random effects (15)
Scrolls
 g - 2 scrolls of amnesia {unknown}
 h - 2 scrolls of identify {unknown}
 i - a scroll of teleportation {unknown}
 k - a scroll of enchant weapon {unknown}
 l - a scroll of enchant armour {unknown}
 u - a scroll of blinking {unknown}
Potions
 c - 3 potions of degeneration {unknown}
 e - a potion of mutation {unknown}
 f - a potion of brilliance {unknown}
 j - a potion of might {unknown}
 o - a potion of attraction {unknown}
 q - a potion of invisibility {unknown}
 r - a potion of haste {unknown}


   Skills:
 + Level 3.5 Fighting
 + Level 4.4 Maces & Flails
 + Level 0.1 Polearms
 + Level 3.9 Dodging
 + Level 0.3 Stealth


You had 5 spell levels left.
You didn't know any spells.
Your spell library was empty.

Dungeon Overview and Level Annotations

Branches:
Dungeon (2/15)

Altars:
Wu Jian


Innate Abilities, Weirdness & Mutations

You are too large for most types of armour.
You have claws for hands.
Your natural rate of healing is unusually fast.
You are covered in fur. (AC +1)
You have tough skin. (AC +1)


Message History

2 orcs come into view.
You feel sick.
The orc shouts!
A dart slug comes into view.
You feel sick.
You barely miss the orc wizard.
You feel sick. The dart slug launches a dart at you. The slug dart hits you.
* * * LOW HITPOINT WARNING * * *
The orc wizard points at you and mumbles some strange words.
The magic dart hits you!
* * * LOW HITPOINT WARNING * * *
You slice the orc wizard!! You burn the orc wizard.
You kill the orc wizard!
Trog accepts your kill.
Trog appreciates your killing of a magic user.
You feel sick.
The orc priest invokes the aid of Beogh against you.
You resist with almost no effort. The orc barely misses you.
You closely miss the orc priest.
You feel sick. The orc hits you with a +0 flail.
* * * LOW HITPOINT WARNING * * *
The orc priest invokes the aid of Beogh against you.
You resist with almost no effort. The orc barely misses you.
Unknown command.
You hit the orc priest. You burn the orc priest.
The orc priest is heavily wounded.
You feel sick. The orc hits you with a +0 flail!
* * * LOW HITPOINT WARNING * * *
The orc closely misses you. The orc hits you with a +0 flail.
* * * LOW HITPOINT WARNING * * *
Unknown command.
You barely miss the orc priest.
The orc priest is heavily wounded.
You are no longer berserk.
You are exhausted.
You feel yourself slow down.
You feel sick. The orc priest barely misses you.
The orc hits you but does no damage. The orc closely misses you.
The orc hits you with a +0 flail!
You die...

##.........
......... .
........ ..
...... ... ....#
.... ##.w.#
.....##.ooo#
#......##@o###
#.......†...#
#.....##..#.....
#.....#
....>.... ).....
..#...... .....
..##...... .....
.. ...... ...#
... ..... ...
...


You could see an orc priest, a dart slug and 3 orcs.

Vanquished Creatures
  Sigmund (D:2)
  A scorpion (D:4)
  Jessica (D:2)
  An orc wizard (D:4)
  A worm (D:2)
  2 dart slugs
  4 leopard geckos
  A giant cockroach (D:2)
  9 goblins
  3 hobgoblins (D:1)
  2 jackals (D:1)
  5 kobolds
  5 bats
  2 frilled lizards
  7 rats (D:1)
45 creatures vanquished.

Notes
Turn   | Place    | Note
-------+----------+-------------------------------------------
     0 | D:1      | Leibowitz the Troll Berserker began the quest for the Orb.
     0 | D:1      | Reached XP level 1. HP: 22/22 MP: 0/0
   267 | D:1      | Reached XP level 2. HP: 29/29 MP: 1/1
   355 | D:1      | Reached skill level 3 in Maces & Flails
   673 | D:1      | Reached ** piety under Trog
   694 | D:1      | Reached XP level 3. HP: 32/36 MP: 2/2
  1133 | D:2      | Noticed Jessica
  1157 | D:2      | Killed Jessica
  1158 | D:2      | Reached XP level 4. HP: 38/45 MP: 3/3
  1172 | D:2      | Noticed Sigmund
  1209 | D:2      | Killed Sigmund
  1210 | D:2      | Reached skill level 4 in Maces & Flails
  1210 | D:2      | Reached XP level 5. HP: 8/53 MP: 4/4
  1309 | D:2      | Found an ornate altar of the Wu Jian Council.
  1447 | D:2      | You fall into a shaft and drop 2 floors!
  1452 | D:4      | Reached XP level 6. HP: 13/61 MP: 5/5
  1460 | D:4      | HP: 4/91 [orc/+0 flail (4)]
  1461 | D:4      | Slain by an orc

Illustrated notes

Levels and vault maps discovered:
D:1:      minmay_arrival_diagonal_passages, layout_basic
D:2:      layout_basic, lemuel_round_altar, tgw_trog, uniq_sigmund, uniq_jessica
D:4:      layout_cave_pools, minmay_temple_entry_nine_rooms, minmay_box_of_dots,
          uniq_ijyb

Skill      XL: |  1  2  3  4 |
---------------+-------------+-----
Maces & Flails | 3 4 |  4.4
Fighting       | 3 |  3.5
Dodging        | 3 |  3.9
Polearms       | |  0.1
Stealth        | |  0.3

Action                   |  1- 3 |  4- 6 || total
-------------------------+-------+-------++-------
Melee: Mace              |    74 |       ||    74
       Whip              |    98 |    24 ||   122
       Scythe            |       |    11 ||    11
Invok: Berserk           |       |     2 ||     2
       Trog's Hand       |       |     1 ||     1
 Stab: Sleeping          |       |     1 ||     1
Armor: Animal skin       |    70 |     3 ||    73
Dodge: Dodged            |   108 |    10 ||   118

Table legend: (Time is in decaauts)
 A = Elapsed time spent in this place.
 B = Non-inter-level travel time spent in this place.
 C = Inter-level travel time spent in this place.
 D = Time resting spent in this place.
 E = Time spent auto-exploring this place.
 F = Levels seen in this place.
 G = Mean time per level.
                   A        B        C        D        E       F      G
               +--------+--------+--------+--------+--------+-----+--------+
         Total |   1483 |   1466 |     17 |     41 |    916 |   3 |  494.3 |
       Dungeon |   1483 |   1466 |     17 |     41 |    916 |   3 |  494.3 |
               +--------+--------+--------+--------+--------+-----+--------+

Top non-repeatable levels by time:
     D:1: 876 daAuts
     D:2: 587 daAuts
     D:4: 18 daAuts
